 Dungeon Crawl Stone Soup version 0.29.1 (webtiles) character file.

Game seed: 17122931172239666366

20974 qw the Cleaver (level 12, -3/75 HPs)
             Began as a Gargoyle Fighter on Sept 13, 2022.
             Was an Elder of Okawaru.
             Slain by Urug
             ... wielding a +5 demon trident of flaming
              (14 damage)
             ... on level 2 of the Lair of Beasts.
             The game lasted 00:03:11 (10090 turns).

qw the Cleaver (Gargoyle Fighter)                  Turns: 10090, Time: 00:03:12

Health: -3/75      AC: 28    Str: 30    XL:     12   Next: 85%
Magic:  15/16      EV:  9    Int: 10    God:    Okawaru [****..]
Gold:   623        SH:  7    Dex:  9    Spells: 11/11 levels left

rFire   . . .      SeeInvis .   Y - +1 war axe (freeze)
rCold   . . .      Faith    .   c - +0 buckler
rNeg    + . .      Spirit   .   f - +0 plate armour
rPois   inf        Reflect  .   e - +0 helmet
rElec   +          Harm     .   (no cloak)
rCorr   +          Rampage  .   i - +0 pair of gloves
Will    .....                   t - +1 pair of boots
Stlth   ..........              (no amulet)
HPRegen 0.22/turn               l - ring of resist corrosion
MPRegen 0.15/turn               v - +6 ring of strength

@: about to teleport, heroic
A: sickness immunity, AC +8, negative energy resistance 1, electricity
resistance, torment resistance 1, petrification resistance
a: Renounce Religion, Heroism, Finesse


You were on level 2 of the Lair of Beasts.
You worshipped Okawaru.
Okawaru was greatly pleased with you.
You visited 3 branches of the dungeon, and saw 11 of its levels.

You collected 623 gold pieces.


Innate Abilities, Weirdness & Mutations

You are immune to sickness and miasma.
Your stone body is resilient. (AC +8)
You are immune to poison.
You resist negative energy. (rN+)
You are resistant to electric shocks. (rElec)
You are resistant to unholy torment.
You are immune to petrification.


   Skills:
 - Level 8.5(13.5) Fighting
 - Level 11.0(16.0) Axes
 - Level 9.6(14.6) Throwing
 + Level 5.4(10.4) Armour
 - Level 2.1(7.1) Dodging
 - Level 10.6(15.6) Shields
 + Level 6.3 Invocations


You had 11 spell levels left.
You didn't know any spells.
Your spell library was empty.

Inventory:

Hand Weapons
 p - a +0 morningstar
 Y - a +1 war axe of freezing (weapon)
Missiles
 j - 8 boomerangs
 k - 5 javelins (quivered)
Armour
 c - a +0 buckler (worn)
 e - a +0 helmet (worn)
 f - a +0 plate armour (worn)
 i - a +0 pair of gloves (worn)
 t - a +1 pair of boots (worn)
Jewellery
 b - a ring of positive energy
 l - a ring of resist corrosion (left hand)
 v - a +6 ring of strength (right hand)
 w - a ring of ice
Scrolls
 h - 2 scrolls of teleportation
 m - 4 scrolls of identify
Potions
 a - 7 potions of curing
 d - a potion of might
 g - 3 potions of lignification
 n - 2 potions of mutation
 q - 2 potions of cancellation
 r - a potion of heal wounds
 u - a potion of magic

Dungeon Overview and Level Annotations

Branches:
Dungeon (8/15)             Temple (1/1) D:6            Lair (2/5) D:8
  Swamp: Lair:2-3    Shoals: Lair:2-3     Snake: Lair:2-3    Spider: Lair:2-3

Altars:
Ashenzari
Cheibriados
Dithmenos
Elyvilon
Fedhas
Hepliaklqana
Kikubaaqudgha
Makhleb
Nemelex Xobeh
Okawaru
Qazlal
Uskayaw
Vehumet
Wu Jian
Xom
Yredelemnul
Zin
The Shining One

Annotations:
D:3 2 transporters, qw's ghost, amateur GrFi
Lair:2 Urug


Message History

A tyrant leech comes into view.
A swamp worm comes into view.
A tyrant leech comes into view.
Urug hits you with a +5 demon trident of flaming.
Urug burns you.
You slash Urug! You freeze Urug.
Urug is lightly wounded.
You closely miss Urug.
Urug is lightly wounded.
Urug hits you with a +5 demon trident of flaming.
Urug burns you.
You slash Urug! You freeze Urug.
Urug is heavily wounded.
Urug hits you with a +5 demon trident of flaming.
Urug burns you.
You barely miss Urug.
Urug is moderately wounded.
You hit the tyrant leech. You freeze the tyrant leech.
Urug hits you with a +5 demon trident of flaming!
Urug burns you.
You barely miss Urug.
Urug is moderately wounded.
You miss the tyrant leech.
The tyrant leech bites you but does no damage.
You barely miss Urug.
Urug is moderately wounded.
You slice the tyrant leech!! You freeze the tyrant leech.
Urug hits you but does no damage.
You slice the tyrant leech!! You freeze the tyrant leech!
The tyrant leech is almost dead.
You miss Urug. The tyrant leech bites you!!
Urug hits you with a +5 demon trident of flaming!
Urug burns you.
10090 ||| READING 3 scrolls of teleportation.
As you read the scroll of teleportation, it crumbles to dust.
You feel strangely unstable. You block the tyrant leech's attack.
Urug hits you with a +5 demon trident of flaming!
You die...

# 7. ~~~.# #. 7.~~~~.##
#$ 7.#.....### # ..#..
7.........##. .....w7777
7...#........
.....wo@.##7...##.......
......w.........P.......
........................
.........#......#.......
.........#..#..##.......
.........####..##.......
.......... #P.###.......
.......... ##.##........
....... #.##........


You could see Urug, 2 tyrant leeches and a swamp worm.

Vanquished Creatures
  Fannar (Lair:1)
  A hydra (Lair:1)
  2 black mambas (Lair:1)
  Joseph (D:7)
  3 cane toads
  3 komodo dragons (Lair:1)
  Grinder (D:5)
  A wyvern (D:7)
  7 yaks
  A basilisk (Lair:1)
  2 steam dragons (D:8)
  Menkaure (D:5)
  5 water moccasins
  A sky beast (D:6)
  4 black bears
  2 orc warriors (D:6)
  4 wolves (Lair:1)
  A kobold brigand (D:7)
  A gnoll sergeant (D:7)
  3 necrophages
  3 scorpions (D:6)
  5 bullfrogs
  4 killer bees (D:8)
  4 howler monkeys
  An electric eel (Lair:1)
  3 hounds (D:6)
  2 jellies
  7 orc priests
  3 iguanas
  6 orc wizards
  4 gnolls (D:7)
  10 adders
  2 ufetubi (D:6)
  A worm (D:2)
  3 dart slugs
  39 orcs
  7 ball pythons
  6 bats
  5 endoplasms
  3 giant cockroaches
  4 goblins
  4 hobgoblins
  8 kobolds
  4 quokkas
  4 frilled lizards
  5 rats
192 creatures vanquished.

Vanquished Creatures (others)
  5 plants
5 creatures vanquished.

Grand Total: 197 creatures vanquished

Notes
Turn   | Place    | Note
-------+----------+-------------------------------------------
     0 | D:1      | qw the Gargoyle Fighter began the quest for the Orb.
     0 | D:1      | Reached XP level 1. HP: 14/14 MP: 1/1
     0 | D:1      | 0 ||| qw: Version: 0.1-a-119-g272c26d
     0 | D:1      | 0 ||| qw: Game counter: 11190
     0 | D:1      | 0 ||| qw: Always use a shield: true
     0 | D:1      | 0 ||| qw: God list: Okawaru
     0 | D:1      | 0 ||| qw: Allow faded altars: false
     0 | D:1      | 0 ||| qw: Do Orc after D:15 true
     0 | D:1      | 0 ||| qw: Do second Lair branch before Depths: true
     0 | D:1      | 0 ||| qw: Lair rune preference: random
     0 | D:1      | 0 ||| qw: Plans: Normal, Zot, God:TSO, Crypt, Tomb, Pan,
                  | Slime, Hells, Zig, Abyss, Orb
     0 | D:1      | 0 ||| PLANNING D:1-11
    62 | D:1      | Reached skill level 2 in Axes
   215 | D:1      | Reached XP level 2. HP: 19/19 MP: 2/2
   463 | D:1      | 463 ||| Stepping ~*~*~tactically~*~*~ (stealth).
   467 | D:1      | 467 ||| Stepping ~*~*~tactically~*~*~ (stealth).
   937 | D:1      | 937 ||| UPGRADING to +0 helmet.
   942 | D:1      | 942 ||| READING scroll labelled FIBRIJUIWN.
   943 | D:1      | 943 ||| READING 3 scrolls labelled GEIBIE SIUT.
   944 | D:1      | 944 ||| DROPPING 2 scrolls of immolation.
  1365 | D:2      | Found a faded altar of an unknown god.
  1468 | D:2      | Reached skill level 3 in Axes
  1551 | D:2      | Reached XP level 3. HP: 23/23 MP: 3/3
  1593 | D:2      | 1593 ||| Stepping ~*~*~tactically~*~*~ (stealth).
  1922 | D:2      | 1922 ||| UPGRADING to +0 pair of gloves.
  1927 | D:2      | 1927 ||| READING scroll labelled FESAEMA AKHOT.
  2151 | D:3      | 2151 ||| Stepping ~*~*~tactically~*~*~ (stealth).
  2172 | D:3      | Found a broken altar of Ashenzari.
  2324 | D:3      | Reached XP level 4. HP: 28/28 MP: 4/4
  2378 | D:3      | Reached skill level 4 in Axes
  2378 | D:3      | Noticed a necrophage
  2388 | D:3      | Killed a necrophage
  2389 | D:3      | Reached XP level 5. HP: 32/32 MP: 5/5
  2393 | D:3      | 2393 ||| DROPPING +0 whip.
  2491 | D:3      | Found a transporter.
  2538 | D:3      | Noticed qw's ghost (amateur GrFi)
  2566 | D:3      | Found a transporter.
  2577 | D:3      | 2577 ||| READING scroll labelled ARIQUE EVUICK.
  2578 | D:3      | 2578 ||| DRINKING 3 purple potions.
  2601 | D:4      | 2601 ||| PLANNING OSSUARY
  2619 | D:4      | Reached skill level 5 in Axes
  2680 | D:4      | 2680 ||| Stepping ~*~*~tactically~*~*~ (stealth).
  2877 | D:4      | 2877 ||| DRINKING 2 potions of curing.
  2877 | D:4      | 2877 ||| (to cure confusion)
  2887 | D:4      | 2887 ||| FLEEEEING.
  2888 | D:4      | 2888 ||| FLEEEEING.
  2890 | D:4      | 2890 ||| FLEEEEING.
  2894 | D:4      | Reached skill level 1 in Dodging
  2894 | D:4      | Reached XP level 6. HP: 35/38 MP: 6/6
  3226 | D:4      | 3226 ||| RIP OSSUARY
  3254 | D:4      | 3254 ||| PLANNING D:1-11
  3426 | D:4      | 3426 ||| UPGRADING to +0 pair of boots.
  3446 | D:5      | Entered Level 5 of the Dungeon
  3496 | D:5      | 3496 ||| Stepping ~*~*~tactically~*~*~ (stealth).
  3508 | D:5      | Reached skill level 6 in Axes
  3641 | D:5      | Noticed Menkaure
  3650 | D:5      | HP: 6/38 [Menkaure (16)]
  3652 | D:5      | Killed Menkaure
  3653 | D:5      | Reached XP level 7. HP: 4/43 MP: 7/7
  3958 | D:5      | 3958 ||| Stepping ~*~*~tactically~*~*~ (stealth).
  4014 | D:5      | 4014 ||| Stepping ~*~*~tactically~*~*~ (stealth).
  4084 | D:5      | Noticed Grinder
  4085 | D:5      | 4085 ||| Stepping ~*~*~tactically~*~*~ (stealth).
  4086 | D:5      | 4086 ||| FLEEEEING.
  4087 | D:5      | 4087 ||| FLEEEEING.
  4088 | D:5      | 4088 ||| FLEEEEING.
  4089 | D:5      | 4089 ||| FLEEEEING.
  4090 | D:5      | 4090 ||| FLEEEEING.
  4091 | D:5      | 4091 ||| FLEEEEING.
  4092 | D:5      | 4092 ||| FLEEEEING.
  4093 | D:5      | 4093 ||| FLEEEEING.
  4094 | D:5      | 4094 ||| STAIRDANCE
  4216 | D:4      | 4216 ||| UPGRADING to +2 scale mail of willpower.
  4226 | D:4      | 4226 ||| DROPPING +0 scale mail.
  4227 | D:4      | 4227 ||| READING scroll labelled TIEFRU VAWK.
  4231 | D:4      | 4231 ||| READING scroll labelled GECREKLIBAPH.
  4232 | D:4      | 4232 ||| READING scroll labelled BOSYZ BOEFU.
  4233 | D:4      | 4233 ||| DRINKING 3 bubbling inky potions.
  4281 | D:4      | 4281 ||| DRINKING 3 fuming puce potions.
  4382 | D:4      | 4382 ||| DRINKING 2 coppery potions.
  4383 | D:4      | 4383 ||| DRINKING 2 pink potions.
  4384 | D:4      | 4384 ||| READING 2 scrolls of identify.
  4384 | D:4      | 4384 ||| IDENTIFYING yellow potion
  4385 | D:4      | 4385 ||| DROPPING potion of magic.
  4386 | D:4      | 4386 ||| DROPPING 2 potions of ambrosia.
  4387 | D:4      | 4387 ||| DROPPING potion of brilliance.
  4452 | D:5      | Paralysed by Grinder for 3 turns
  4456 | D:5      | Killed Grinder
  4457 | D:5      | Reached skill level 7 in Axes
  4555 | D:5      | 4555 ||| FLEEEEING.
  4556 | D:5      | 4556 ||| FLEEEEING.
  4557 | D:5      | 4557 ||| FLEEEEING.
  4558 | D:5      | 4558 ||| FLEEEEING.
  4559 | D:5      | 4559 ||| FLEEEEING.
  4560 | D:5      | 4560 ||| FLEEEEING.
  4561 | D:5      | 4561 ||| FLEEEEING.
  4562 | D:5      | 4562 ||| FLEEEEING.
  4563 | D:5      | 4563 ||| FLEEEEING.
  4564 | D:5      | 4564 ||| FLEEEEING.
  4565 | D:5      | 4565 ||| FLEEEEING.
  4566 | D:5      | 4566 ||| FLEEEEING.
  4567 | D:5      | 4567 ||| FLEEEEING.
  4570 | D:5      | 4570 ||| FLEEEEING.
  4572 | D:5      | 4572 ||| FLEEEEING.
  4573 | D:5      | 4573 ||| FLEEEEING.
  4574 | D:5      | 4574 ||| FLEEEEING.
  4575 | D:5      | 4575 ||| FLEEEEING.
  4576 | D:5      | 4576 ||| FLEEEEING.
  4577 | D:5      | 4577 ||| STAIRDANCE
  4632 | D:5      | 4632 ||| STAIRDANCE
  4692 | D:5      | Found a hazy altar of Hepliaklqana.
  4866 | D:6      | Reached XP level 8. HP: 32/48 MP: 8/8
  4973 | D:6      | Reached skill level 1 in Throwing
  5022 | D:6      | Found a staircase to the Ecumenical Temple.
  5023 | D:6      | 5023 ||| PLANNING TEMPLE
  5023 | D:6      | 5023 ||| READING scroll labelled JIGOSHR PAOR.
  5032 | Temple   | Entered the Ecumenical Temple
  5121 | Temple   | 5121 ||| PLANNING D:1-11
  5123 | Temple   | Became a worshipper of Warmaster Okawaru
  5218 | D:6      | 5218 ||| Stepping ~*~*~tactically~*~*~ (stealth).
  5220 | D:6      | 5220 ||| Stepping ~*~*~tactically~*~*~ (hiding).
  5231 | D:6      | Reached skill level 8 in Axes
  5368 | D:6      | 5368 ||| Stepping ~*~*~tactically~*~*~ (stealth).
  5418 | D:6      | Reached skill level 6 in Fighting
  5568 | D:6      | Reached * piety under Okawaru
  5646 | D:6      | 5646 ||| Stepping ~*~*~tactically~*~*~ (stealth).
  5649 | D:6      | 5649 ||| Stepping ~*~*~tactically~*~*~ (stealth).
  5665 | D:6      | 5665 ||| INVOKING Heroism.
  5675 | D:6      | Reached skill level 1 in Invocations
  5730 | D:6      | 5730 ||| Stepping ~*~*~tactically~*~*~ (stealth).
  5733 | D:6      | 5733 ||| Stepping ~*~*~tactically~*~*~ (stealth).
  5735 | D:6      | 5735 ||| Stepping ~*~*~tactically~*~*~ (hiding).
  5739 | D:6      | 5739 ||| INVOKING Heroism.
  5744 | D:6      | 5744 ||| Stepping ~*~*~tactically~*~*~ (stealth).
  5762 | D:6      | 5762 ||| DROPPING +0 flail.
  5788 | D:6      | 5788 ||| INVOKING Heroism.
  5807 | D:6      | Reached XP level 9. HP: 20/55 MP: 8/11
  6078 | D:6      | 6078 ||| Stepping ~*~*~tactically~*~*~ (hiding).
  6079 | D:6      | 6079 ||| INVOKING Heroism.
  6088 | D:6      | Reached skill level 9 in Axes
  6090 | D:6      | Reached skill level 3 in Invocations
  6098 | D:6      | 6098 ||| INVOKING Heroism.
  6295 | D:6      | 6295 ||| INVOKING Heroism.
  6562 | D:6      | 6562 ||| UPGRADING to ring of resist corrosion.
  6563 | D:6      | 6563 ||| READING 3 scrolls of identify.
  6563 | D:6      | 6563 ||| IDENTIFYING murky ruby potion
  6564 | D:6      | 6564 ||| READING 2 scrolls of identify.
  6564 | D:6      | 6564 ||| IDENTIFYING fizzy black potion
  6565 | D:6      | 6565 ||| DROPPING potion of flight.
  6698 | D:7      | Noticed Joseph
  6699 | D:7      | 6699 ||| Stepping ~*~*~tactically~*~*~ (hiding).
  6713 | D:7      | 6713 ||| INVOKING Heroism.
  6717 | D:7      | Killed Joseph
  6717 | D:7      | Reached ** piety under Okawaru
  6869 | D:7      | 6869 ||| INVOKING Heroism.
  7106 | D:7      | 7106 ||| INVOKING Heroism.
  7258 | D:7      | 7258 ||| INVOKING Heroism.
  7605 | D:7      | 7605 ||| UPGRADING to +6 ring of strength.
  7606 | D:7      | 7606 ||| READING scroll labelled KEFAINU COSI.
  7607 | D:7      | 7607 ||| DRINKING 2 green potions.
  7655 | D:8      | 7655 ||| INVOKING Heroism.
  7665 | D:8      | Reached XP level 10. HP: 52/63 MP: 11/13
  7668 | D:8      | Reached *** piety under Okawaru
  7669 | D:8      | Reached skill level 10 in Axes
  7851 | D:8      | 7851 ||| INVOKING Heroism.
  7855 | D:8      | 7855 ||| READING scroll labelled ETIYSHROTTI.
  7992 | D:8      | Found a staircase to the Lair.
  8102 | D:8      | 8102 ||| Stepping ~*~*~tactically~*~*~ (stealth).
  8116 | D:8      | 8116 ||| Stepping ~*~*~tactically~*~*~ (cloud).
  8120 | D:8      | 8120 ||| INVOKING Heroism.
  8125 | D:8      | 8125 ||| Stepping ~*~*~tactically~*~*~ (cloud).
  8257 | D:8      | 8257 ||| PLANNING LAIR
  8257 | D:8      | 8257 ||| UPGRADING to +1 pair of boots.
  8267 | D:8      | 8267 ||| DROPPING +0 pair of boots.
  8268 | D:8      | 8268 ||| DROPPING orb of guile.
  8269 | D:8      | 8269 ||| DRINKING 2 black potions.
  8269 | D:8      | Reached skill level 9 in Throwing
  8269 | D:8      | Reached XP level 11. HP: 68/68 MP: 14/14
  8270 | D:8      | 8270 ||| DRINKING potion of experience.
  8270 | D:8      | Reached XP level 12. HP: 73/73 MP: 15/15
  8271 | D:8      | 8271 ||| READING 4 scrolls of identify.
  8271 | D:8      | 8271 ||| IDENTIFYING viscous sapphire potion
  8272 | D:8      | 8272 ||| DROPPING potion of degeneration.
  8322 | Lair:1   | Entered Level 1 of the Lair of Beasts
  8325 | Lair:1   | 8325 ||| INVOKING Heroism.
  8403 | Lair:1   | Found a dark tunnel.
  8419 | Lair:1   | Noticed Fannar
  8432 | Lair:1   | 8432 ||| INVOKING Heroism.
  8446 | Lair:1   | Killed Fannar
  8446 | Lair:1   | Reached **** piety under Okawaru
  9019 | Lair:1   | Noticed a five-headed hydra
  9020 | Lair:1   | 9020 ||| INVOKING Heroism.
  9023 | Lair:1   | 9023 ||| SWAPPING to +0 morningstar.
  9034 | Lair:1   | Killed a five-headed hydra
  9035 | Lair:1   | 9035 ||| SWAPPING to +1 war axe of freezing.
  9225 | Lair:1   | 9225 ||| INVOKING Heroism.
  9227 | Lair:1   | 9227 ||| Stepping ~*~*~tactically~*~*~ (stealth).
  9254 | Lair:1   | Reached skill level 11 in Axes
  9255 | Lair:1   | 9255 ||| INVOKING Heroism.
  9821 | Lair:1   | 9821 ||| UPGRADING to +0 plate armour.
  9831 | Lair:1   | 9831 ||| DROPPING +0 chain mail.
  9832 | Lair:1   | 9832 ||| DROPPING +2 scale mail of willpower.
  9833 | Lair:1   | 9833 ||| DROPPING ring of magical power.
  9880 | Lair:2   | Reached skill level 6 in Invocations
  9915 | Lair:2   | Received a gift from Okawaru
 10077 | Lair:2   | Noticed Urug
 10078 | Lair:2   | 10078 ||| Stepping ~*~*~tactically~*~*~ (hiding).
 10080 | Lair:2   | 10080 ||| Stepping ~*~*~tactically~*~*~ (hiding).
 10081 | Lair:2   | 10081 ||| INVOKING Heroism.
 10089 | Lair:2   | HP: 13/75 [Urug/+5 demon trident of flaming (11)]
 10090 | Lair:2   | 10090 ||| READING 3 scrolls of teleportation.
 10090 | Lair:2   | Slain by Urug

Levels and vault maps discovered:
D:1:      dpeg_arrival_leaves_temple_mockup, layout_basic, serial_bayou_lagoon_b
D:2:      layout_loops_corners, hellmonk_ecumenical_altar_leap_of_faith,
          minmay_misc_feat_doors, amcnicky_mini_pool_small
D:3:      minmay_evil_eye, layout_rooms, evilmike_ruin_ashenzari,
          gammafunk_ghost_gnarly_gnolls
D:4:      layout_basic, nicolae_ossuary_entry_monument
D:5:      layout_cave_pools, marbit_many_paths, uniq_grinder, uniq_menkaure
D:6:      layout_cave_pods, minmay_temple_entry_statues_pillars,
          kennysheep_generic_room_10
D:7:      layout_basic, corner_web_ring, uniq_joseph
D:8:      layout_basic, lair_entry_dummy
Temple:   nicolae_temple_superstar
Lair:1:   layout_gridlike, enter_volcano_2, st_stairs_6,
          hangedman_lair_generics_rect, serial_bayou_shore_a,
          grunt_megastairs_4, lemuel_fruit_tree, uniq_fannar
Lair:2:   layout_gridlike, minmay_swamp_entry_worms, grunt_megastairs_5,
          uniq_urug

Skill      XL: |  1  2  3  4  5  6  7  8  9 10 11 12 |
---------------+-------------------------------------+-----
Axes           | 2 3 4 5 6 7 8 9 10 11 | 11.0
Fighting       | 4 6 7 8 |  8.5
Dodging        | 1 2 |  2.1
Throwing       | 1 2 9 |  9.6
Invocations    | 2 4 6 |  6.3
Shields        | 4 10 | 10.6
Armour         | 5 |  5.4

Action                   |  1- 3 |  4- 6 |  7- 9 | 10-12 || total
-------------------------+-------+-------+-------+-------++-------
Melee: War axe           |    94 |   128 |   221 |   160 ||   603
       Morningstar       |       |       |       |     9 ||     9
Throw: Boomerang         |     9 |    33 |    27 |       ||    69
       Javelin           |       |       |    17 |    34 ||    51
Invok: Heroism           |       |       |    11 |     8 ||    19
  Use: Scroll            |     3 |     1 |     8 |     3 ||    15
       Potion            |       |     2 |     5 |     2 ||     9
Armor: Scale mail        |    52 |    64 |    92 |   101 ||   309
       Plate armour      |       |       |       |     4 ||     4
Dodge: Dodged            |    44 |    36 |    80 |    73 ||   233
Block: Buckler           |    19 |    14 |    41 |    51 ||   125

Table legend:
 A = Non-vault XP
 B = Vault XP
 C = Vault XP percentage of total XP
 D = Non-vault monster count
 E = Vault monster count
 F = Vault count percentage of total count
                 A         B        C        D         E       F
            +---------+---------+-------+---------+---------+-------
      Total |    8500 |    4564 |  34.9 |     175 |      17 |   8.9
            +---------+---------+-------+---------+---------+-------
        D:1 |      22 |       0 |   0.0 |      14 |       0 |   0.0
        D:2 |      27 |       0 |   0.0 |      15 |       0 |   0.0
        D:3 |     153 |      15 |   8.9 |      19 |       2 |   9.5
        D:4 |     300 |       0 |   0.0 |      25 |       0 |   0.0
        D:5 |      93 |     478 |  83.7 |      10 |       3 |  23.1
        D:6 |    1635 |      87 |   5.1 |      38 |       1 |   2.6
        D:7 |     817 |     434 |  34.7 |      16 |       1 |   5.9
        D:8 |    2198 |       0 |   0.0 |      23 |       0 |   0.0
     Lair:1 |    2297 |    3550 |  60.7 |      12 |      10 |  45.5
     Lair:2 |     958 |       0 |   0.0 |       3 |       0 |   0.0
            +---------+---------+-------+---------+---------+-------
